 Dungeon Crawl Stone Soup version 0.30-a0-54-g2e61a25929 (webtiles) character file.

Game seed: 4538533129662676248

8 MrFrogsmire the Conjurer (level 1, -1/14 HPs)
             Began as a Demigod Conjurer on Sept 8, 2022.
             Frozen to death by an endoplasm (5 damage)
             ... on level 1 of the Dungeon.
             The game lasted 00:01:14 (138 turns).

MrFrogsmire the Conjurer (Demigod Conjurer)          Turns: 138, Time: 00:01:15

Health: -1/14      AC:  3    Str:  8    XL:     1   Next: 80%
Magic:  1/5        EV: 12    Int: 20    God:
Gold:   0          SH:  0    Dex: 12    Spells: 2/3 levels left

rFire   . . .      SeeInvis .    d - +0 short sword
rCold   . . .      Faith    .    (no shield)
rNeg    . . .      Spirit   .    a - +0 robe
rPois   .          Reflect  .    (no helmet)
rElec   .          Harm     .    (no cloak)
rCorr   .          Rampage  .    e - +0 pair of gloves
Will    .....                    (no boots)
Stlth   ++........               (no amulet)
HPRegen 0.04/turn                (no ring)
MPRegen 0.09/turn                (no ring)

@: no status effects
A: high MP 1, forlorn, divine attributes
a: no special abilities


You were on level 1 of the Dungeon.
You visited 1 branch of the dungeon, and saw 1 of its levels.

Inventory:

Hand Weapons
 d - a +0 short sword (weapon)
Armour
 a - a +0 robe (worn)
 e - a +0 pair of gloves (worn)
Potions
 b - a potion of magic
 c - a potion of invisibility {unknown}
 f - a potion of brilliance {unknown}


   Skills:
 + Level 1.8 Dodging
 + Level 1.8 Stealth
 + Level 1.8 Spellcasting
 + Level 3.9 Conjurations


You had 2 spell levels left.
You knew the following spells:

 Your Spells              Type           Power      Damage    Failure   Level
a - Magic Dart            Conj           68%        1d6       3%          1

Your spell library contained the following spells:

 Spells                   Type           Power      Damage    Failure   Level
 Searing Ray              Conj           34%        2d5       4%          2
 Dazzling Flash           Conj/Hex       18%        N/A       22%         3
 Fulminant Prism          Conj/Hex       4%         3d6       56%         4
 Iskenderun's Mystic Bla  Conj/Tloc      9%         2d4       56%         4


Dungeon Overview and Level Annotations

Branches:
Dungeon (1/15)


Innate Abilities, Weirdness & Mutations

You have an increased reservoir of magic. (+10% MP)
You shall have no god before yourself.
Your divine heritage dramatically boosts your attributes as you level up.


Message History

A goblin comes into view. It is wielding a +0 club.
The magic dart hits the giant cockroach.
You kill the giant cockroach!
You are out of magic!
You are out of magic!
A goblin comes into view. It is wielding a +0 club.
A hobgoblin comes into view.
The goblin shouts!
The hobgoblin shouts!
A ball python comes into view.
A dart slug comes into view.
An endoplasm comes into view.
The goblin hits you with a +0 club.
The endoplasm quivers.
You hit the goblin.
You kill the goblin!
The goblin closely misses you.
You hit the goblin.
The goblin is moderately wounded.
The goblin hits you with a +0 club.
You hit the goblin but do no damage.
The goblin is moderately wounded.
The goblin hits you with a +0 club.
You closely miss the goblin.
The goblin is moderately wounded.
You are too injured to fight recklessly!
You hit the hobgoblin.
The hobgoblin is heavily wounded.
The goblin completely misses you. The hobgoblin barely misses you.
The endoplasm freezes you.
You are frozen.
* * * LOW HITPOINT WARNING * * *
You hit the hobgoblin but do no damage.
The hobgoblin is heavily wounded.
The endoplasm closely misses you. The goblin barely misses you.
The hobgoblin barely misses you.
You hit the hobgoblin.
The hobgoblin is severely wounded.
The endoplasm freezes you.
You are frozen.
You die...

.............#
..#..........# ###
#............# ..#
##....####..##### ...#
#..............## ...#
##....####.......# ....##
..#.....###..#)#.##......
..#..##..##..#...........
.....##..#.....g@Jw).....
..(........#.#.#g#.#.#.#.
##..........#........
#.........#.#.#..†#.#
#.....................
#.........#.#.....#.#..
#.......#.......#......#
...#......# ...##.#.....
..##.....#^


You could see a dart slug, an endoplasm, a hobgoblin and a goblin.

Vanquished Creatures
  A ball python (D:1)
  A giant cockroach (D:1)
  2 goblins (D:1)
  A kobold (D:1)
  A quokka (D:1)
6 creatures vanquished.

Notes
Turn   | Place    | Note
-------+----------+-------------------------------------------
     0 | D:1      | MrFrogsmire the Demigod Conjurer began the quest for the
                  | Orb.
     0 | D:1      | Reached XP level 1. HP: 14/14 MP: 5/5
   138 | D:1      | Frozen to death by an endoplasm

Illustrated notes

Levels and vault maps discovered:
D:1:      minmay_arrival_hallway, layout_rooms,
          shapermc_ecumenical_altar_notcrosses, ebering_dispersal_statue_hall,
          hangedman_decor_riveting, minmay_quantized

Action                   || total
-------------------------++-------
Melee: Short sword       ||     7
 Cast: Magic Dart        ||     8
Dodge: Dodged            ||     6

Table legend: (Time is in decaauts)
 A = Elapsed time spent in this place.
 B = Non-inter-level travel time spent in this place.
 C = Inter-level travel time spent in this place.
 D = Time resting spent in this place.
 E = Time spent auto-exploring this place.
 F = Levels seen in this place.
 G = Mean time per level.
                   A        B        C        D        E       F      G
               +--------+--------+--------+--------+--------+-----+--------+
         Total |    138 |     43 |     95 |      0 |      0 |   1 |  138.0 |
       Dungeon |    138 |     43 |     95 |      0 |      0 |   1 |  138.0 |
               +--------+--------+--------+--------+--------+-----+--------+

Top non-repeatable levels by time:
     D:1: 138 daAuts
